 Seeded DCSS version 0.28-a0-1506-g3893175d92 (webtiles) character file.

Game seed: 759471176321562610 (custom seed)

5 riojii the Vexing (level 1, 10/10 HPs)
             Began as a Vampire Enchanter on Jan 13, 2022.
             Quit the game on level 1 of the Dungeon.
             The game lasted 00:00:58 (396 turns).

riojii the Vexing (Vampire Enchanter)                Turns: 396, Time: 00:00:59

Health: 10/10      AC:  2    Str:  7    XL:     1   Next: 66%
Magic:  3/3        EV: 12    Int: 17    God:
Gold:   22         SH:  0    Dex: 14    Spells: 4/4 levels left

rFire   . . .      SeeInvis +   a - +1 dagger
rCold   + + .      Faith    .   (no shield)
rNeg    + + +      Spirit   .   b - +0 robe
rPois   ∞          Reflect  .   (no helmet)
rElec   .          Harm     .   (no cloak)
rCorr   .          Rampage  .   (no gloves)
Will    +....                   (no boots)
Stlth   +++++.....              (no amulet)
HPRegen 0.03/turn               (no ring)
MPRegen 0.08/turn               (no ring)

@: bloodless
A: bloodless, fangs 3, see invisible, vampiric 1, talons 1, strong-willed 1
a: Revivify


You were on level 1 of the Dungeon.
You visited 1 branch of the dungeon, and saw 1 of its levels.

You collected 22 gold pieces.

Inventory:

Hand Weapons
 a - a +1 dagger (weapon)
Armour
 b - a +0 robe (worn)
Scrolls
 e - 2 scrolls of teleportation {unknown}
 f - a scroll of fear {unknown}
Potions
 c - a potion of invisibility


   Skills:
 + Level 1.2 Short Blades
 + Level 2.2 Dodging
 * Level 4.6 Stealth
 + Level 2.0 Spellcasting
 * Level 4.6 Hexes


You had 4 spell levels left.
You didn't know any spells.
Your spell library contained the following spells:

 Spells                   Type           Power      Damage    Failure   Level
 Confusing Touch          Hex            17%        N/A       9%          3
 Tukima's Dance           Hex            17%        N/A       9%          3
 Ensorcelled Hibernation  Hex/Ice        18%        N/A       12%         2
 Dazzling Flash           Conj/Hex       18%        N/A       22%         3


Dungeon Overview and Level Annotations

Branches:
Dungeon (1/15)

Altars:


Innate Abilities, Weirdness & Mutations

You do not regenerate when monsters are visible.
You are frail without blood (-20% HP).
You can heal yourself when you bite living creatures.
You are immune to poison.
You have razor-sharp teeth.
You have supernaturally acute eyesight. (SInv)
You are afflicted with vampirism.
You have sharp toenails.
You are strong-willed. (Will+)


Message History

You are frozen.
You resist.
You hit the endoplasm.
You kill the endoplasm!
No target in view!
No target in view!
You now have 17 gold pieces.
d - a fizzy blue potion You now have 21 gold pieces (gained 4).
An endoplasm comes into view.
You see here a scroll labelled BIERAPNA CEAHATS.
e - a scroll labelled BIERAPNA CEAHATS The endoplasm quivers.
You hit the endoplasm but do no damage. The endoplasm barely misses you.
You hit the endoplasm.
The endoplasm is severely wounded.
The endoplasm freezes you.
You are frozen.
You resist.
You hit the endoplasm.
You kill the endoplasm!
f - a scroll labelled SOJ XYAFOL
e - 2 scrolls labelled BIERAPNA CEAHATS (gained 1)
Found 22 sling bullets.
You see here 22 sling bullets.
Found 2 fizzy blue potions.
d - 3 fizzy blue potions (gained 2)
Found a gold piece.
Found a stone staircase leading down.
You now have 22 gold pieces (gained 1).
It was a potion of mutation.
You feel extremely strange.
You feel less encumbered by your armour.
You feel extremely strange.
You feel more encumbered by your armour.
You feel stronger.
You feel the urge to shout.
Your toenails lengthen and sharpen.
You feel extremely strange.
Your urge to shout disappears.
You feel weaker.
Your talons dull and shrink into feet.
You feel strong-willed.
Your toenails lengthen and sharpen.
Okay, then.
Are you sure you want to abandon this character and quit the game? (Confirm with "yes".)

#######.#.........##.....
#........................
##.####.#................
#..........##...####.....
#######.##+#..#. ###....
#.......>. .......
#......## ###..##
##.....# ###...## #@....#
#......# ###+#.# .##....
#.#.# #..## #...# #..##
#...# #..# #...# #.)#
#.#.# #..#
#.#.########..#
#.#...........#


There were no monsters in sight!

Vanquished Creatures
  3 endoplasms (D:1)
  A giant cockroach (D:1)
4 creatures vanquished.

Notes
Turn   | Place    | Note
-------+----------+-------------------------------------------
     0 | D:1      | riojii the Vampire Enchanter began the quest for the Orb.
     0 | D:1      | Reached XP level 1. HP: 13/13 MP: 3/3
   393 | D:1      | Gained mutation: Your movements are slightly less
                  | encumbered by armour. (ER -2) [potion of mutation]
   394 | D:1      | Lost mutation: Your movements are slightly less encumbered
                  | by armour. (ER -2) [potion of mutation]
   394 | D:1      | Gained mutation: Your muscles are strong. (Str +2) [potion
                  | of mutation]
   394 | D:1      | Gained mutation: You occasionally shout uncontrollably at
                  | your foes. [potion of mutation]
   394 | D:1      | Gained mutation: You have sharp toenails. [potion of
                  | mutation]
   395 | D:1      | Lost mutation: You occasionally shout uncontrollably at
                  | your foes. [potion of mutation]
   395 | D:1      | Lost mutation: Your muscles are strong. (Str +2) [potion of
                  | mutation]
   395 | D:1      | Lost mutation: You have sharp toenails. [potion of
                  | mutation]
   395 | D:1      | Gained mutation: You are strong-willed. (Will+) [potion of
                  | mutation]
   395 | D:1      | Gained mutation: You have sharp toenails. [potion of
                  | mutation]
   396 | D:1      | Quit the game

Illustrated notes

Levels and vault maps discovered:
D:1:      dpeg_arrival_rooms_c, layout_basic

Action                   || total
-------------------------++-------
Melee: Dagger            ||    13
       Bite              ||     1
 Abil: Exsanguinate      ||     1
  Use: Potion            ||     3
 Stab: Sleeping          ||     2
Armor: Robe              ||     1
Dodge: Dodged            ||     2

Table legend: (Time is in decaauts)
 A = Elapsed time spent in this place.
 B = Non-inter-level travel time spent in this place.
 C = Inter-level travel time spent in this place.
 D = Time resting spent in this place.
 E = Time spent auto-exploring this place.
 F = Levels seen in this place.
 G = Mean time per level.
                   A        B        C        D        E       F      G
               +--------+--------+--------+--------+--------+-----+--------+
         Total |    395 |    395 |      0 |      0 |    267 |   1 |  395.0 |
       Dungeon |    395 |    395 |      0 |      0 |    267 |   1 |  395.0 |
               +--------+--------+--------+--------+--------+-----+--------+

Top non-repeatable levels by time:
     D:1: 395 daAuts
